cohdb
Replays
Latest Replays
All Replays
Popular Replays
Top Player Replays
Match Explorer
How It Works
Community
CoH3 Stats
Reddit
Sign in to upload your games and track your stats! →
Sign in with Steam
Match 45762230
Unlisted
Match 45762230
Overview
Messages
Build Orders
End
Kettenkrad Recon Vehicle
Construct Infanterie Kompanie
MG 42 Machine Gun Team
Selects Italian Coastal Battlegroup
Selects Coastal Reserves
Coastal Reserve
Construct Panzergrenadier Kompanie
Coastal Reserve
Pak 40 Anti-tank Gun Team
Medical Bunker
Construct Panzer Kompanie
MG 42 Bunker
Selects Artillery Officer
Artillery Officer
MG 42 Bunker
Selects Support Bunkers
MG 42 Bunker
MG 42 Bunker
Selects Obice da 210/22 Artillery Emplacement
Selects Designated Artillery Overwatch
MG 42 Bunker
MG 42 Bunker
MG 42 Bunker
Selects Bulwark
MG 42 Bunker
Panzer IV Medium Tank
Pioneer Squad
Pioneer Squad
Panzer IV Medium Tank
Dorikkae
SpuD_FR
KUNASHDU
eyesonme0223
Scooter
TavernelloIndustries®
Fil
MacheteCL415
0
0
Comments
sign in to comment!
No comments posted yet!